AoeStats
← El Messias

Arabia

510036613Analyzed
4v4 RM · 4d ago on Sep 29, 2026· 71m 9s· 8 players
Game mode
Random Map
Map size
Large (8 player)
Population
200
Speed
Normal
Resources
Standard
Victory
Conquest
Starting age
Dark Age
Ending age
Imperial Age
RankedLock teamsTeams togetherTeam positionsShared explorationLock speedFull tech treeHidden civsTurbo modeCheats
Victory
Defeat
🇨🇴 Portuguese · Colombia
622
+9
🇭🇰 Berbers · Hong Kong SAR China
578
+10
🇨🇳 Chinese · China
552
+11
🇨🇳 Vikings · China
544
+13
🇮🇩 Burmese · Indonesia
486
-12
🇺🇸 Bengalis · United States
456
-11
🇲🇽 Britons · Mexico
451
-11
🇧🇴 Bulgarians · Bolivia
402
-9
salama20
0:42 Loom
12:37 Feudal Age
16:09 Arson
17:13 Horse Collar
17:24 Double-Bit Axe
17:56 Forging
17:47 Scale Mail Armor
23:32 Castle Age
23:43 Wheelbarrow
24:36 Gold Mining
25:40 Bloodlines
25:31 Husbandry
27:48 Coinage
27:23 Stone Mining
28:00 Bow Saw
31:48 Padded Archer Armor
31:38 Fletching
31:56 Scale Barding Armor
33:24 Squires
33:10 Gambesons
36:33 Caravan
37:24 Bodkin Arrow
37:49 Leather Archer Armor
38:58 Gold Shaft Mining
39:17 Ballistics
40:59 Hand Cart
40:32 Town Watch
41:14 Heavy Plow
46:38 Imperial Age
44:40 Paiks
47:43 Elite Elephant Archer
47:47 Siege Elephant
49:29 Crop Rotation
51:20 Elite Ratha (Ranged)
53:22 Chain Barding Armor
53:35 Ring Archer Armor
56:32 Bracer
LiguarSan
12:25 Feudal Age
13:04 Double-Bit Axe
13:03 Horse Collar
25:22 Castle Age
27:34 Elite Skirmisher
27:46 Pikeman
28:31 Squires
30:37 Wheelbarrow
29:49 Loom
30:11 Gold Mining
31:02 Forging
30:53 Scale Mail Armor
30:58 Scale Barding Armor
35:25 Husbandry
35:18 Arson
38:11 Coinage
37:42 Caravan
41:26 Chain Mail Armor
41:32 Chain Barding Armor
49:30 Fortified Wall
51:19 Fletching
53:47 Guard Tower
65:31 Imperial Age
69:41 Heavy Plow
El Messias
1:02 Loom
12:46 Feudal Age
14:28 Double-Bit Axe
15:35 Stone Mining
22:32 Gold Mining
26:22 Castle Age
25:25 Scale Barding Armor
25:31 Forging
26:08 Bloodlines
28:22 Stone Shaft Mining
28:16 Chain Barding Armor
31:18 Bow Saw
31:48 Iron Casting
35:43 Gold Shaft Mining
35:40 Elite Skirmisher
36:47 Light Cavalry
37:27 Husbandry
38:51 Ballistics
42:14 Imperial Age
41:39 Padded Archer Armor
41:29 Fletching
42:59 Stirrups
43:26 Conscription
44:36 Caravan
45:39 Plate Barding Armor
46:05 Blast Furnace
45:37 Thumb Ring
46:17 Siege Engineers
48:46 Onager
48:50 Heavy Scorpion
49:35 Hussar
53:32 Chemistry
53:40 Leather Archer Armor
53:20 Bodkin Arrow
genkogenka
1:09 Loom
20:17 Feudal Age
20:46 Arson
20:53 Man-at-Arms
22:33 Horse Collar
25:22 Bloodlines
34:30 Castle Age
36:10 Stone Mining
37:37 Husbandry
38:01 Heavy Plow
38:27 Gold Mining
songshu512
16:27 Feudal Age
21:59 Wheelbarrow
22:27 Horse Collar
22:37 Double-Bit Axe
24:43 Gold Mining
24:44 Stone Mining
28:51 Castle Age
26:37 Town Watch
31:33 Stone Shaft Mining
32:26 Bloodlines
33:06 Hand Cart
34:36 Husbandry
35:44 Scale Barding Armor
36:44 Gold Shaft Mining
36:43 Chain Barding Armor
36:36 Forging
36:38 Heavy Plow
36:50 Bow Saw
45:27 Town Watch
48:41 Iron Casting
48:09 Padded Archer Armor
47:59 Fletching
48:34 Thumb Ring
49:06 Ballistics
51:20 Imperial Age
49:43 Elite Skirmisher
50:45 Leather Archer Armor
50:26 Bodkin Arrow
53:06 Conscription
55:49 Chemistry
54:30 Elite Genitour
55:49 Ring Archer Armor
55:20 Bracer
57:52 Elite Camel Archer
Caligula
0:30 Loom
11:05 Feudal Age
11:36 Double-Bit Axe
12:32 Wheelbarrow
11:42 Town Watch
15:34 Horse Collar
20:44 Castle Age
19:47 Stone Mining
19:54 Gold Mining
21:39 Bow Saw
21:32 Heavy Plow
22:42 Hand Cart
25:10 Stone Shaft Mining
32:15 Imperial Age
31:17 Town Patrol
31:37 Murder Holes
32:40 Masonry
34:55 Two-Man Saw
36:09 Chemistry
35:42 Architecture
36:26 Elite Organ Gun
37:27 Conscription
39:48 Caravan
41:57 Arquebus
41:29 Sappers
44:04 Circumnavigation
45:28 Pikeman
46:57 Bombard Tower
46:15 Cavalier
46:16 Light Cavalry
47:06 Bloodlines
46:57 Husbandry
47:57 Guilds
48:18 Coinage
50:28 Halberdier
54:56 Scale Barding Armor
54:51 Scale Mail Armor
55:03 Forging
54:43 Fletching
54:54 Padded Archer Armor
60:05 Chain Barding Armor
60:01 Chain Mail Armor
60:21 Iron Casting
59:43 Bodkin Arrow
60:03 Leather Archer Armor
61:46 Plate Barding Armor
61:48 Plate Mail Armor
64:18 Blast Furnace
63:19 Bracer
65:31 Ring Archer Armor
65:04 Man-at-Arms
65:30 Gambesons
65:30 Arson
67:48 Banking
69:10 Long Swordsman
799787627
11:57 Feudal Age
19:55 Castle Age
35:17 Imperial Age
34:56 Double-Bit Axe
35:38 Elite Chu Ko Nu
38:07 Bow Saw
43:12 Fletching
43:24 Padded Archer Armor
48:41 Bodkin Arrow
49:02 Leather Archer Armor
55:22 Bracer
55:53 Ring Archer Armor
811731154
14:39 Feudal Age
21:18 Castle Age
21:11 Man-at-Arms
22:08 Forging
22:27 Long Swordsman
23:11 Double-Bit Axe
27:03 Scale Mail Armor
30:28 Squires
31:51 Gold Mining
31:52 Stone Mining
32:21 Chain Mail Armor
36:47 Imperial Age
35:24 Caravan
36:55 Gold Shaft Mining
36:03 Horse Collar
38:52 Plate Mail Armor
37:46 Two-Handed Swordsman
38:17 Arson
38:47 Bow Saw
39:10 Champion
41:20 Heavy Plow
43:08 Conscription
42:55 Chieftains
43:47 Ballistics
44:28 Chemistry
45:32 Iron Casting
50:06 Blast Furnace
54:39 Elite Varangian Guard
67:44 Spies/Treason
Connection lost

Rejoining the realm…

Still unreachable

The connection could not be restored.

Session expired

The server has moved on; the page needs a fresh start.